 Dungeon Crawl Stone Soup version 0.31-a0-574-g69dc8cc98e (webtiles) character file.

Game seed: 7922774913625877892

222988 experimilk the Brawler (level 18, 0/289 HPs)
             Began as a Troll Gladiator on Aug 18, 2023.
             Was a High Priest of Wu Jian.
             Succumbed to a merfolk impaler's poison
             ... on level 4 of the Shoals.
             The game lasted 01:42:00 (36659 turns).

experimilk the Brawler (Troll Gladiator)           Turns: 36659, Time: 01:42:01

Health: 0/289      AC: 11    Str: 36    XL:     18   Next: 55%
Magic:  17/17      EV: 25    Int:  4    God:    Wu Jian [*****.]
Gold:   2722       SH:  5    Dex: 11    Spells: 17/17 levels left

rFire   + +          .
                       - Unarmed
rCold   . . .        (no shield)
rNeg    + . .        Q - +3 troll leather armour
rPois   .            S - +2 hat "Muetaicwe" {Drain rElec rF++ rN+}
rElec   +            u - scarf {repulsion}
rCorr   .            (gloves unavailable)
SInv    .            (boots unavailable)
Will    ++...        q - amulet "Ojorch" {Reflect Str+3 SH+5} Stlth
                     j - +5 ring of evasion
HPRegen 2.28/turn    A - ring of willpower
MPRegen 0.15/turn

%: repel missiles, reflection
@: berserking, lethally poisoned (0 -> -32), spiked, in a heavenly storm,
glowing, very quick
A: large, unfitting armour, claws 3, regeneration 1, shaggy fur 1, tough skin 1
}: 1/15 runes: serpentine
a: Renounce Religion, Wall Jump, Serpent's Lash, Heavenly Storm


You were on level 4 of the Shoals.
You worshipped Wu Jian.
Wu Jian was extremely pleased with you.
You visited 5 branches of the dungeon, and saw 30 of its levels.
You also visited: Ossuary, Gauntlet and Ice Cave.

You collected 4981 gold pieces.
You spent 2259 gold pieces at shops.

Inventory:

Missiles
 a - 24 poisoned darts
 d - 8 javelins
 e - 9 silver javelins
 f - 9 large rocks (quivered)
 h - 7 throwing nets
 p - 196 stones
 s - 45 boomerangs
Armour
 u - a scarf of repulsion (worn)
 Q - a +3 troll leather armour (worn)
 S - the +2 hat "Muetaicwe" (worn) {Drain rElec rF++ rN+}
   (You acquired it on level 8 of the Dungeon)

   rF++:      It greatly protects you from fire.
   rElec:     It insulates you from electricity.
   rN+:       It protects you from negative energy.
   Drain:     It drains your maximum health when unequipped.
Jewellery
 j - a +5 ring of evasion (left claw)
 n - a ring of fire
 q - the amulet "Ojorch" (around neck) {Reflect Str+3 SH+5}
   (You found it in a Gauntlet)

   [amulet of reflection]

   Reflect:   It reflects blocked missile attacks.
   Str+3:     It affects your strength (+3).
   SH+5:      It affects your SH (+5).
 v - a ring of resist corrosion
 A - a ring of willpower (right claw)
 M - a ring of positive energy
 T - a ring of protection from fire
 W - a ring of poison resistance
Wands
 b - a wand of mindburst (2)
 D - a wand of polymorph (8)
 J - a wand of digging (4)
 N - a wand of light (7)
 O - a wand of paralysis (18)
 P - a wand of roots (48)
 R - a wand of flame (89)
Scrolls
 g - 3 scrolls of blinking
 l - 13 scrolls of teleportation
 m - 4 scrolls of fear
 r - 7 scrolls of fog
 w - 2 scrolls of immolation
 x - 6 scrolls of poison
 y - a scroll of summoning
 U - a scroll of amnesia
 V - 2 scrolls of brand weapon
 X - 2 scrolls of silence
 Y - a scroll of revelation
 Z - a scroll of enchant armour
Potions
 c - a potion of brilliance
 i - a potion of invisibility
 k - 3 potions of resistance
 o - 2 potions of might
 t - 10 potions of curing
 B - 2 potions of enlightenment
 C - 3 potions of ambrosia
 E - 3 potions of attraction
 F - 2 potions of lignification
 H - 3 potions of haste
 K - 7 potions of cancellation
 L - 5 potions of heal wounds
Miscellaneous
 z - a tin of tremorstones (2/2)
 G - a phantom mirror


   Skills:
 - Level 15.0 Fighting
 - Level 15.0 Throwing
 + Level 9.3 Armour
 + Level 9.3 Dodging
 - Level 20.0 Unarmed Combat


You had 17 spell levels left.
You didn't know any spells.
Your spell library contained the following spells:

 Spells                   Type           Power      Damage    Failure   Level
 Sandblast                Erth           0%         2d4       52%         1
 Shock                    Conj/Air       0%         1d3       52%         1
 Summon Small Mammal      Summ           0%         N/A       52%         1
 Cigotuvi's Dreadful Rot  Necr/Pois/Air  0%         N/A       67%         2
 Ensorcelled Hibernation  Hex/Ice        0%         N/A       67%         2
 Passwall                 Tmut/Erth      0%         N/A       67%         2
 Scorch                   Fire           0%         2d5       67%         2
 Sublimation of Blood     Necr           0%         N/A       67%         2
 Wereblood                Tmut           0%         N/A       67%         2
 Call Canine Familiar     Summ           0%         N/A       88%         3
 Dazzling Flash           Conj/Hex       0%         N/A       88%         3
 Frozen Ramparts          Ice            0%         1d1       88%         3
 Hailstorm                Conj/Ice       0%         3d3       88%         3
 Ignite Poison            Fire/Tmut/Pois 0%         N/A       88%         3
 Stone Arrow              Conj/Erth      0%         3d7       88%         3
 Summon Guardian Golem    Hex/Summ       0%         N/A       88%         3
 Swiftness                Air            0%         N/A       88%         3
 Tukima's Dance           Hex            0%         N/A       88%         3
 Volatile Blastmotes      Fire/Tloc      0%         2d10      88%         3
 Airstrike                Air            0%         2d(0-16)  99%         4
 Anguish                  Hex/Necr       0%         N/A       99%         4
 Dispel Undead            Necr           0%         3d6       99%         4
 Flame Wave               Conj/Fire      0%         2d4       99%         4
 Fulminant Prism          Conj/Hex       0%         3d5       99%         4
 Iskenderun's Mystic Bla  Conj/Tloc      0%         2d3       99%         4
 Leda's Liquefaction      Hex/Erth       0%         N/A       99%         4
 Passage of Golubria      Tloc           0%         N/A       99%         4
 Petrify                  Tmut/Erth      0%         N/A       99%         4
 Sticky Flame             Conj/Fire      0%         2d3       99%         4
 Summon Ice Beast         Ice/Summ       0%         N/A       99%         4
 Agony                    Necr           0%         N/A       100%        5
 Freezing Cloud           Conj/Ice/Air   0%         6-21      100%        5
 Lee's Rapid Deconstruct  Erth           0%         3d4*      100%        5
 Metabolic Englaciation   Hex/Ice        0%         N/A       100%        5
 Silence                  Hex/Air        0%         N/A       100%        5
 Yara's Violent Unravell  Hex/Tmut       0%         3d3       100%        5
 Death Channel            Necr           0%         N/A       100%        6
 Leda's Unmaking          Conj/Erth      0%         9d1       100%        6
 Simulacrum               Ice/Necr       0%         N/A       100%        6
 Summon Cactus Giant      Summ           0%         N/A       100%        6
 Summon Hydra             Summ           0%         N/A       100%        7
 Ignition                 Fire           0%         3d3       100%        8


Dungeon Overview and Level Annotations

Branches:
Dungeon (15/15)            Temple (0/1) D:6            Lair (5/5) D:8
 Shoals (4/4) Lair:2        Snake (4/4) Lair:3        Slime (0/5) Lair:4
    Orc (2/2) D:10            Elf (0/3) Orc:2        Vaults (0/5) D:14
 Depths (0/4) D:15        Ossuary (visited)           IceCv (visited)
Gauntlet (visited)

Altars:
Ashenzari
Dithmenos
Hepliaklqana
Makhleb
Wu Jian
Zin
Jiyva

Shops:
D:4 ?   D:8 ?   D:15 [   Orc:2 ([*=   Snake:2 (

Portals:
Trove: D:15 (give +8 demon trident)

Annotations:
D:10 1 runed translucent door, bcImEvil's ghost, novice HuWn
Lair:3 3 runed translucent doors, innerfire43's ghost, journeyman GnSh
Lair:5 exclusion: obsidian statue
Snake:4 2 transporters


Innate Abilities, Weirdness & Mutations

You are too large for most types of armour.
You have claws for hands.
Your natural rate of healing is unusually fast.
You are covered in fur. (AC +1)
You have tough skin. (AC +1)


Message History

You claw the manticore.
You kill the manticore!
The Council accepts your kill.
You spin and attack the merfolk impaler.
You mangle the merfolk impaler!! You claw the merfolk impaler!!
The merfolk impaler is severely wounded.
You spin and attack the sea snake repeatedly.
You barely miss the sea snake. You mangle the sea snake!!
The sea snake is moderately wounded.
You feel very sick.
The merfolk impaler hits you but does no damage.
You are more poisoned.
The sea snake bites you!!
* * * LOW HITPOINT WARNING * * *
Things that are here:
a +0 trident; a +0 leather armour; a merfolk corpse You mangle the sea snake!!
The sea snake is severely wounded.
You feel very sick. The merfolk impaler barely misses you.
The merfolk hits you but does no damage.
Unknown command.
You eviscerate the sea snake!!!
You kill the sea snake!
The Council accepts your kill.
You feel sick.
The merfolk impaler hits you with a +5 trident of venom!
* * * LOW HITPOINT WARNING * * *
You are more poisoned.
You eviscerate the merfolk impaler!!!
You kill the merfolk impaler!
The Council accepts your kill.
You hear a splash. x2
* * * LOW HITPOINT WARNING * * *
You feel very sick.
The barbed spikes dig painfully into your body as you move.
* * * LOW HITPOINT WARNING * * *
You lunge at the merfolk.
You claw the merfolk!
The merfolk is lightly wounded.
You die...

~~~~...~......~~≈≈≈
≈~~..........~~~~≈≈
~~~..........~~~~~~
~~~~.........~~~~~~
~~~~~~......~#####~
≈≈~~~~~...~~##~~~##
~~~~~~~~~~~~#☼§§§§#
~~~~~~~~~~~~#§§☼§§#
.~~~~~~~~~~~#§§§@m# ≈
..~~~~~~~~~~##§§☼## ≈≈≈
....~~~~~~~~~##§##≈≈≈≈≈
.....~~~~~~~~§§§☼☼≈≈≈≈≈
...##†##~~~~~☼☼☼§§≈≈≈≈≈
..##..)##~~~~§§§§§≈≈≈≈≈
..#...~~#~~~~~≈≈≈≈≈≈≈≈≈
..#..)~~#~~≈≈≈≈≈≈≈≈≈≈≈≈
..#.~~~~#≈≈≈≈≈≈≈≈≈≈≈≈≈≈


You could see a merfolk.

Vanquished Creatures
  Vashnia (Snake:4)
  Saint Roka (Snake:4)
  2 Ice Fiends (IceCv)
  Asterion (Snake:4)
  A kraken (Shoals:4)
  Aizul (Snake:1)
  Kirke (Snake:1)
  Roxanne (D:15)
  7 nagarajas (Snake:4)
  Louise (Shoals:4)
  An orc warlord (Orc:2)
  An emperor scorpion (D:15)
  A very ugly thing (IceCv)
  The ghost of heikuro the Cleaver, a journeyman FoFi of Makhleb (D:15)
  A minotaur (Gauntlet)
  3 dire elephants
  An ettin (Orc:1)
  3 merfolk javelineers (Shoals:4)
  8 merfolk impalers
  Harold (D:9)
  3 vault guards (D:14)
  7 hydras
  Erolcha (D:11)
  3 merfolk avatars
  3 salamander tyrants
  2 caustic shrike simulacra (IceCv)
  3 merfolk aquamancers
  A catoblepas (Lair:3)
  A satyr (Shoals:2)
  2 centaur warriors
  17 naga warriors
  4 boulder beetles
  2 two-headed ogres
  9 anacondas
  7 naga sharpshooters
  6 shock serpents
  Urug (Lair:5)
  8 death yaks
  A tengu warrior (D:14)
  4 orc high priests (Orc:2)
  4 skysharks
  Amaemon (D:11)
  A spectral death yak (Lair:5)
  2 salamander mystics (Snake:3)
  A skeletal warrior (D:14)
  12 sea snakes
  A spectral anaconda (Lair:5)
  2 bog bodies (IceCv)
  9 harpies
  10 naga ritualists
  2 obsidian statues (IceCv)
  3 deep elf pyromancers
  12 mana vipers
  4 orc knights
  5 necromancers
  4 cyclopes
  4 fauns
  12 ugly things
  16 salamanders
  12 manticores
  8 elephants (Lair:5)
  An oklob plant (Gauntlet)
  5 orc sorcerers
  9 merfolk sirens
  A molten gargoyle (D:14)
  41 black mambas
  8 water nymphs
  10 guardian serpents
  Maurice (Orc:1)
  A torpor snail (Lair:1)
  19 naga magi
  Jeremiah (D:9)
  11 cane toads
  An orange demon (D:11)
  Maggie (Lair:2)
  2 ice statues (Shoals:4)
  2 gargoyles
  3 rime drakes
  2 freezing wraiths (IceCv)
  A kobold demonologist (D:9)
  An unseen horror (D:12)
  2 golden dragon simulacra (IceCv)
  10 komodo dragons
  2 tengu conjurers
  An efreet (D:15)
  An anaconda simulacrum (IceCv)
  A guardian mummy (D:15)
  4 trolls
  2 polar bears
  19 merfolk
  A raiju (Gauntlet)
  A hornet (D:9)
  8 blink frogs (Lair:5)
  4 dream sheep (Lair:1)
  4 wind drakes
  An alligator simulacrum (IceCv)
  2 spectral elephants (Lair:5)
  4 snapping turtles
  3 slime creatures (D:12)
  A shadow (D:12)
  3 vampires
  11 wyverns
  13 water elementals
  5 wraiths
  42 yaks
  2 basilisks
  A hog (Snake:1)
  8 humans (D:14)
  A dire elephant simulacrum (Lair:5)
  A steam dragon (D:8)
  Grum (Lair:1)
  A fire elemental (Lair:5)
  3 minotaur simulacra (IceCv)
  Menkaure (D:6)
  4 vampire mosquitoes (D:11)
  3 spectral cane toads (Lair:5)
  3 wargs
  4 acid dragons
  24 nagas
  3 hydra simulacra (IceCv)
  3 black bears
  13 water moccasins
  5 ice beasts
  4 ettin simulacra (IceCv)
  32 orc warriors
  5 ogres
  18 wolves
  An elephant zombie (Lair:5)
  14 centaurs
  An elephant skeleton (Lair:5)
  4 phantoms
  4 kobold brigands
  11 bullfrogs
  A gnoll sergeant (Orc:2)
  A scorpion (D:6)
  A cane toad simulacrum (Lair:5)
  4 wights (D:7)
  A lindwurm simulacrum (IceCv)
  11 killer bees (D:9)
  6 howler monkeys
  11 electric eels
  3 hounds
  2 gnoll boudas
  23 orc priests
  7 jellies
  A sleepcap (D:5)
  An iguana (D:5)
  28 orc wizards
  7 hell rats
  8 mummies (Ossuary)
  14 gnolls
  11 adders
  A shadow imp (D:8)
  2 white imps
  2 ufetubi (D:6)
  A worm (D:2)
  3 dart slugs
  69 orcs
  6 bats
  7 endoplasms
  6 giant cockroaches
  A gnoll zombie (Ossuary)
  8 goblins
  9 hobgoblins
  2 jackals
  12 kobolds
  5 quokkas
  11 ball pythons
  5 frilled lizards
  4 hobgoblin zombies (Ossuary)
  3 orc zombies (Ossuary)
  7 rats
  A tentacle (Shoals:4)
995 creatures vanquished.

Vanquished Creatures (others)
  3 humans
  3 tentacles (Shoals:4)
6 creatures vanquished.

Grand Total: 1001 creatures vanquished

Notes
Turn   | Place    | Note
-------+----------+-------------------------------------------
     0 | D:1      | experimilk the Troll Gladiator began the quest for the Orb.
     0 | D:1      | Reached XP level 1. HP: 19/19 MP: 0/0
   212 | D:1      | Reached XP level 2. HP: 27/27 MP: 1/1
   659 | D:2      | Reached skill level 4 in Unarmed Combat
   705 | D:2      | Found a faded altar of an unknown god.
   802 | D:2      | Reached XP level 3. HP: 33/33 MP: 2/2
  1312 | D:3      | Reached skill level 5 in Unarmed Combat
  1312 | D:3      | Reached XP level 4. HP: 41/41 MP: 3/3
  2061 | D:4      | Reached XP level 5. HP: 28/48 MP: 4/4
  2579 | D:4      | Reached skill level 6 in Unarmed Combat
  2667 | D:4      | Noticed a phantom
  2682 | D:4      | Killed a phantom
  2683 | D:4      | Reached XP level 6. HP: 53/55 MP: 5/5
  2720 | D:4      | Found Kieceus's Magic Scroll Shoppe.
  2728 | D:4      | Bought a scroll of fear for 40 gold pieces
  2728 | D:4      | Bought a scroll of blinking for 75 gold pieces
  2728 | D:4      | Bought a scroll of identify for 20 gold pieces
  2728 | D:4      | Bought a scroll of identify for 20 gold pieces
  2728 | D:4      | Bought a scroll of fear for 40 gold pieces
  2729 | D:4      | Identified 2 scrolls of acquirement
  2730 | D:4      | Acquired 1152 gold pieces
  2733 | D:4      | Acquired 647 gold pieces
  2736 | D:4      | Bought a scroll of identify for 20 gold pieces
  2736 | D:4      | Bought a scroll of identify for 20 gold pieces
  2736 | D:4      | Bought a scroll of immolation for 40 gold pieces
  2736 | D:4      | Bought a scroll of poison for 40 gold pieces
  3046 | D:5      | Entered Level 5 of the Dungeon
  3062 | D:5      | Reached skill level 7 in Unarmed Combat
  3459 | D:5      | Reached skill level 8 in Unarmed Combat
  3617 | D:5      | Reached XP level 7. HP: 55/62 MP: 6/6
  3730 | D:5      | Identified the +1 long sword of the Contumacious God
                  | {flame, Will++ rCorr Str+3 Dex-2}
  3740 | D:5      | Reached skill level 9 in Unarmed Combat
  4038 | D:5      | Reached XP level 8. HP: 70/70 MP: 7/7
  4407 | D:6      | Reached skill level 10 in Unarmed Combat
  4513 | D:6      | Found a broken altar of Ashenzari.
  4522 | D:6      | Found an ornate altar of the Wu Jian Council.
  4568 | D:6      | Became a worshipper of the Wu Jian Council
  4603 | D:6      | Noticed Menkaure
  4612 | D:6      | Killed Menkaure
  4744 | D:6      | Reached skill level 5 in Throwing
  5002 | D:6      | Found a staircase to the Ecumenical Temple.
  5304 | D:7      | Reached XP level 9. HP: 58/76 MP: 6/8
  5321 | D:7      | Found a sand-covered staircase.
  5326 | Ossuary  | Entered an ossuary
  5360 | Ossuary  | Reached * piety under Wu Jian
  6708 | D:8      | Found a staircase to the Lair.
  6709 | D:8      | Noticed a rime drake
  6927 | D:8      | Found The Oracle's Delphic Readings.
  6942 | D:8      | Bought a scroll of enchant armour for 112 gold pieces
  6942 | D:8      | Bought a scroll of acquirement for 780 gold pieces
  6942 | D:8      | Bought a scroll of poison for 60 gold pieces
  6967 | D:8      | Noticed a two-headed ogre
  6985 | D:8      | Killed a two-headed ogre
  6985 | D:8      | Reached ** piety under Wu Jian
  6986 | D:8      | Reached skill level 10 in Throwing
  7062 | D:8      | Noticed a polar bear
  7077 | D:8      | Killed a polar bear
  7078 | D:8      | Reached XP level 10. HP: 82/91 MP: 9/9
  7541 | D:8      | Reached skill level 5 in Fighting
  7552 | D:8      | Found a glowing silver altar of Zin.
  7654 | D:8      | Acquired the +2 hat "Muetaicwe" {Drain rElec rF++ rN+}
  7688 | D:9      | Noticed Jeremiah
  7740 | D:9      | Killed Jeremiah
  7798 | D:9      | Noticed a two-headed ogre
  7825 | D:9      | Killed a two-headed ogre
  7977 | D:9      | Noticed Harold
  7993 | D:9      | Killed Harold
  8295 | D:9      | Reached XP level 11. HP: 110/111 MP: 10/10
  8359 | D:9      | Reached *** piety under Wu Jian
  8599 | D:9      | Found a shadowy altar of Dithmenos.
  8673 | D:9      | Found a burning altar of Makhleb.
  9487 | D:10     | Entered Level 10 of the Dungeon
  9805 | D:10     | Found a staircase to the Orcish Mines.
 10005 | D:10     | Found a runed translucent door.
 10005 | D:10     | Noticed bcImEvil's ghost (novice HuWn)
 10349 | Lair:1   | Entered Level 1 of the Lair of Beasts
 10384 | Lair:1   | Reached skill level 10 in Fighting
 10544 | Lair:1   | Reached skill level 11 in Unarmed Combat
 10817 | Lair:1   | Reached skill level 12 in Unarmed Combat
 10898 | Lair:1   | Reached XP level 12. HP: 65/126 MP: 5/11
 10967 | Lair:1   | Noticed a boulder beetle
 10977 | Lair:1   | Killed a boulder beetle
 11168 | Lair:1   | Noticed Grum
 11171 | Lair:1   | Reached **** piety under Wu Jian
 11181 | Lair:1   | Killed Grum
 11325 | Lair:2   | Reached skill level 13 in Unarmed Combat
 11370 | Lair:2   | Identified the +5 spear of Ysigryfrav {freeze, rElec rF-
                  | rN+ rCorr}
 11859 | Lair:2   | Noticed Maggie
 11880 | Lair:2   | Killed Maggie
 12007 | Lair:2   | Noticed an eight-headed hydra
 12014 | Lair:2   | Killed a nine-headed hydra
 12014 | Lair:2   | Reached skill level 14 in Unarmed Combat
 12105 | Lair:2   | Found a staircase to the Shoals.
 12591 | Lair:3   | Noticed a six-headed hydra
 12598 | Lair:3   | Noticed innerfire43's ghost (journeyman GnSh)
 12707 | Lair:3   | Reached skill level 15 in Unarmed Combat
 12730 | Lair:3   | Noticed a catoblepas
 12746 | Lair:3   | Killed a catoblepas
 12747 | Lair:3   | Reached skill level 1 in Armour
 12768 | Lair:3   | Found a runed translucent gate.
 12768 | Lair:3   | Found a runed translucent gate.
 12768 | Lair:3   | Found a runed translucent gate.
 13231 | Lair:3   | Noticed a four-headed hydra
 13249 | Lair:3   | Killed a nine-headed hydra
 13533 | Lair:3   | Found a staircase to the Snake Pit.
 13618 | Lair:3   | Reached XP level 13. HP: 133/133 MP: 12/12
 13787 | Lair:4   | Reached skill level 5 in Dodging
 14286 | Lair:4   | Reached XP level 14. HP: 123/143 MP: 10/13
 14291 | Lair:4   | Reached skill level 5 in Armour
 14441 | Lair:4   | Found a staircase to the Slime Pits.
 14450 | Lair:4   | Found a viscous altar of Jiyva.
 14884 | Lair:5   | Entered Level 5 of the Lair of Beasts
 15722 | Lair:5   | Noticed Urug
 15739 | Lair:5   | Killed Urug
 17547 | Orc:1    | Entered Level 1 of the Orcish Mines
 18458 | Orc:1    | Noticed Maurice
 18473 | Orc:1    | Killed Maurice
 18560 | Orc:2    | Entered Level 2 of the Orcish Mines
 18567 | Orc:2    | Found a gate leading to a gauntlet.
 18584 | Orc:2    | Reached ***** piety under Wu Jian
 18592 | Gauntlet | Entered a Gauntlet
 18592 | Gauntlet | Found a transporter.
 18592 | Gauntlet | Found a transporter.
 18711 | Gauntlet | Found a transporter.
 18714 | Gauntlet | Found a transporter.
 18722 | Gauntlet | Found a transporter.
 18725 | Gauntlet | Found a transporter.
 18733 | Gauntlet | Found a transporter.
 18751 | Gauntlet | Found a transporter.
 18782 | Gauntlet | Found a transporter.
 18785 | Gauntlet | Found a transporter.
 18795 | Gauntlet | Found a transporter.
 18798 | Gauntlet | Found a transporter.
 19142 | Gauntlet | Identified the amulet "Ojorch" {Reflect Str+3 SH+5}
 19244 | Gauntlet | Identified the +1 chain mail of Meowum {*Slow Dex+2 Stlth+}
 19655 | Orc:2    | Found a staircase to the Elven Halls.
 19749 | Orc:2    | Reached XP level 15. HP: 163/163 MP: 14/14
 20252 | Orc:2    | Found Xonow's Antique Armour Boutique.
 20253 | Orc:2    | Found Jeruwy's Antique Weapon Shop.
 20255 | Orc:2    | Found Barutet's General Store.
 20255 | Orc:2    | Found Ulaiwkosa's Jewellery Boutique.
 20260 | Orc:2    | Bought a scroll of enchant armour for 120 gold pieces
 20260 | Orc:2    | Bought a scroll of blinking for 120 gold pieces
 20260 | Orc:2    | Bought a scroll of teleportation for 48 gold pieces
 20599 | Orc:2    | Bought a phantom mirror for 640 gold pieces
 20599 | Orc:2    | Bought a potion of might for 64 gold pieces
 20789 | D:11     | Reached skill level 15 in Fighting
 21349 | D:11     | Noticed Amaemon
 21371 | D:11     | Paralysed by Amaemon for 3 turns
 21376 | D:11     | Killed Amaemon
 21538 | D:11     | Noticed Erolcha
 21543 | D:11     | Killed Erolcha
 23668 | D:14     | You fall into a shaft and drop 1 floor!
 23668 | D:15     | Entered Level 15 of the Dungeon
 23693 | D:15     | Found Zuaf's Armour Boutique.
 23723 | D:14     | Reached skill level 16 in Unarmed Combat
 23884 | D:14     | Found a faded altar of an unknown god.
 23884 | D:14     | Found a hazy altar of Hepliaklqana.
 24061 | D:14     | Found a gate to the Vaults.
 24229 | D:15     | Found a runed translucent gate.
 24229 | D:15     | Found a runed translucent gate.
 24229 | D:15     | Found a runed translucent gate.
 24231 | D:15     | Noticed heikuro's ghost (journeyman FoFi)
 24432 | D:15     | Found a shadowy altar of Dithmenos.
 24592 | D:15     | Noticed an emperor scorpion
 24818 | D:15     | Killed an emperor scorpion
 24818 | D:15     | Reached skill level 17 in Unarmed Combat
 24970 | D:15     | Noticed Roxanne
 24980 | D:15     | Killed Roxanne
 25156 | D:15     | Found a portal to a secret trove of treasure.
 25308 | D:15     | Found a staircase to the Depths.
 25345 | D:15     | Killed heikuro's ghost
 25622 | Snake:1  | Entered Level 1 of the Snake Pit
 26141 | Snake:1  | Noticed Aizul
 26151 | Snake:1  | Killed Aizul
 26152 | Snake:1  | Reached XP level 16. HP: 116/176 MP: 0/15
 26589 | Snake:1  | Noticed Kirke
 26615 | Snake:1  | Killed Kirke
 28022 | Snake:2  | Reached skill level 18 in Unarmed Combat
 28294 | Snake:2  | Found Meisch's Antique Weapon Emporium.
 29476 | Snake:3  | Reached skill level 19 in Unarmed Combat
 29979 | Snake:4  | Entered Level 4 of the Snake Pit
 30572 | Snake:4  | Reached XP level 17. HP: 177/184 MP: 16/16
 30600 | Snake:4  | Found a transporter.
 30600 | Snake:4  | Found a transporter.
 30605 | Snake:4  | Noticed Asterion
 30664 | Snake:4  | Killed Asterion
 30758 | Snake:4  | Reached skill level 20 in Unarmed Combat
 30765 | Snake:4  | Noticed Saint Roka
 30783 | Snake:4  | Killed Saint Roka
 30783 | Snake:4  | Reached ****** piety under Wu Jian
 30818 | Snake:4  | Found a transporter.
 30837 | Snake:4  | Found a transporter.
 31158 | Snake:4  | Noticed Vashnia
 31165 | Snake:4  | Identified the +8 war axe "Tatopt" {flame, Int+2}
 31168 | Snake:4  | Killed Vashnia
 31294 | Snake:4  | Reached skill level 15 in Throwing
 31319 | Snake:4  | Got a serpentine rune of Zot
 31806 | Snake:4  | Found a transporter.
 31850 | Snake:4  | Found a transporter.
 32599 | Shoals:1 | Entered Level 1 of the Shoals
 34321 | Shoals:3 | Reached XP level 18. HP: 193/193 MP: 17/17
 34919 | Shoals:4 | Entered Level 4 of the Shoals
 34939 | Shoals:4 | Found a frozen archway.
 35004 | IceCv    | Entered an ice cave
 35782 | IceCv    | Noticed an Ice Fiend
 35782 | IceCv    | Noticed an Ice Fiend
 35783 | IceCv    | Killed an Ice Fiend
 35784 | IceCv    | Killed an Ice Fiend
 36396 | Shoals:4 | Noticed Louise
 36411 | Shoals:4 | Killed Louise
 36442 | Shoals:4 | Found the +8 lance "Wyrmbane" {slay drac, rPois rF+ rC+
                  | AC+3}
 36658 | Shoals:4 | HP: 9/289 [poisoned by a merfolk impaler]
 36659 | Shoals:4 | Succumbed to a merfolk impaler's poison

Illustrated notes

Levels and vault maps discovered:
D:1:      tarquinn_simple_flora_water_c, layout_loops_ring, st_stairs_6
D:2:      layout_rooms, shapermc_ecumenical_altar_gd, hex_medium,
          minmay_hexomino_p4
D:3:      layout_loops_ring, minmay_pentangle
D:4:      layout_basic, serial_shops, shop, saegor_snake_ambush
D:5:      layout_basic, minmay_joined_circles
D:6:      layout_basic, grunt_temple_overflow_open, temple_statues,
          chequers_serial_rivers_micro_d, uniq_menkaure
D:7:      lemuel_ice_spiral_2, layout_basic, enter_ossuary_5,
          grunt_decor_arrowhead
D:8:      layout_basic, marbit_many_paths, hellmonk_lair_entry_icy,
          nicolae_nh_oracle_at_delphi
D:9:      layout_loops_corners, lemuel_round_altar, bloody_makhleb,
          serial_rivers, chequers_serial_rivers_micro_d,
          chequers_serial_rivers_small_b, chequers_serial_rivers_large_a,
          chequers_serial_rivers_marsh, chequers_serial_rivers_room_a,
          uniq_jeremiah, uniq_harold
D:10:     layout_basic, orc_0_dummy, gammafunk_ghost_grave, patterned_corridor
D:11:     layout_basic, uniq_erolcha, uniq_amaemon
D:12:     layout_stronghold, serial_bayou_lake_a
D:13:     layout_loops_ring, serial_bayou_lagoon_a
D:14:     layout_rooms, ximxim_vaults_locker_room, roderic_cross_of_infinity,
          beargit_hepliaklqana_dungeon_heroes
D:15:     hangedman_depths_entry_try_elsewhere_first, layout_stronghold,
          nicolae_trove_entry_path_of_doom, serial_shops, shop,
          ebering_ghost_rock_garden, grunt_dithmenos_smoke_and_mirrors,
          uniq_roxanne
Lair:1:   layout_concentric_octagons, dreamdust_gnoll_shepherd, uniq_grum
Lair:2:   layout_long_grid, elwin_shoals_entry_rooms, small_statue_intersection,
          minivault_27, lemuel_fruit_tree, grunt_megastairs_5, uniq_maggie
Lair:3:   layout_chaotic_city, nicolae_snake_entry_squirm,
          gammafunk_ghost_split, grunt_megastairs_2
Lair:4:   layout_loops_ring, nicolae_slime_entry_field_trip
Lair:5:   due_jungle_book, layout_gridlike, uniq_urug
Shoals:1: layout_shoals, nicolae_shoals_so_close
Shoals:2: layout_shoals
Shoals:3: layout_shoals, nicolae_shoals_water_elemental_grotto
Shoals:4: shoals_end_simple, layout_shoals,
          portal_ice_cave_entry_ice_statue_two, uniq_louise
Snake:1:  layout_misc_corridors, nicolae_integral_box, uniq_aizul, uniq_kirke
Snake:2:  layout_onion_interference, serial_shops, nicolae_shop_dealshenge,
          grunt_megastairs_4
Snake:3:  layout_cave_town, drop_trap, nicolae_triple_integral
Snake:4:  grunt_snake_rune_serpentine_throne, layout_cave_town,
          serial_nicolae_subway, nicolae_sub_station_stone,
          nicolae_sub_station_metal, nicolae_sub_station_crystal, uniq_asterion,
          uniq_vashnia, uniq_saint_roka
Orc:1:    layout_caves, basic_altar, uniq_maurice
Orc:2:    st_orc_congregation, layout_caves, gauntlet_entry_generic

Skill      XL: |  1  2  3  4  5  6  7  8  9 10 11 12 13 14 15 16 17 18 |
---------------+-------------------------------------------------------+-----
Unarmed Combat | 4 5 6 8 9 10 12 15 17 19 20 | 20.0
Throwing       | 6 10 11 13 15 | 15.0
Fighting       | 3 8 10 14 15 | 15.0
Armour         | 3 4 5 7 9 |  9.3
Dodging        | 4 5 7 9 |  9.3

Action                     |  1- 3 |  4- 6 |  7- 9 | 10-12 | 13-15 | 16-18 || total
---------------------------+-------+-------+-------+-------+-------+-------++-------
  Melee: Unarmed           |   128 |   110 |   241 |   526 |   830 |   722 ||  2557
         Punch             |     1 |     1 |    10 |    31 |    76 |    83 ||   202
  Throw: Large rock        |     1 |     1 |       |       |    61 |   189 ||   252
         Stone             |    18 |    23 |    64 |     6 |    29 |       ||   140
         Dart              |       |    10 |    20 |   112 |    81 |       ||   223
         Boomerang         |       |     5 |     8 |    63 |   177 |   244 ||   497
         Throwing net      |       |       |       |     3 |     4 |     5 ||    12
         Javelin           |       |       |       |       |    13 |    50 ||    63
 Invoke: Serpent's Lash    |       |       |       |     4 |    13 |    10 ||    27
         Heavenly Storm    |       |       |       |       |     2 |     4 ||     6
Ability: Lunge             |       |       |    19 |    54 |    90 |    89 ||   252
         Whirlwind         |       |       |       |    44 |   132 |    88 ||   264
         Wall Jump         |       |       |       |     1 |     2 |     1 ||     4
  Evoke: Wand              |       |       |       |     4 |       |     1 ||     5
         Tin of tremorston |       |       |       |       |     2 |     1 ||     3
    Use: Scroll            |     4 |    11 |     5 |     9 |    13 |     8 ||    50
         Potion            |       |       |     5 |     3 |     6 |     4 ||    18
   Stab: Sleeping          |     2 |     2 |     1 |       |       |       ||     5
         Held in net/web   |       |       |       |     7 |     2 |     6 ||    15
         Invisible         |       |       |       |     1 |     3 |       ||     4
 Armour: Robe              |    34 |     6 |    34 |    23 |       |       ||    97
         Acid dragon scale |       |       |       |    50 |   105 |       ||   155
         Troll leather arm |       |       |       |       |    40 |    75 ||   115
  Dodge: Dodged            |    61 |    44 |   156 |   226 |   402 |   396 ||  1285
         Repelled          |       |       |       |     2 |     9 |    29 ||    40
  Block: Other             |       |     7 |    10 |       |    80 |   101 ||   198
         Reflection        |       |     1 |       |       |     5 |    12 ||    18

Table legend: (Time is in decaauts)
 A = Elapsed time spent in this place.
 B = Non-inter-level travel time spent in this place.
 C = Inter-level travel time spent in this place.
 D = Time resting spent in this place.
 E = Time spent auto-exploring this place.
 F = Levels seen in this place.
 G = Mean time per level.
                   A        B        C        D        E       F      G
               +--------+--------+--------+--------+--------+-----+--------+
         Total |  36099 |  33422 |   2677 |   7245 |  18840 |  33 | 1093.9 |
       Dungeon |  15288 |  13981 |   1307 |   1616 |   9640 |  15 | 1019.2 |
          Lair |   7430 |   6670 |    760 |   1561 |   3583 |   5 | 1486.0 |
        Shoals |   2992 |   2851 |    141 |    567 |   1556 |   4 |  748.0 |
     Snake Pit |   6603 |   6310 |    293 |   2098 |   3059 |   4 | 1650.8 |
  Orcish Mines |   2113 |   1939 |    174 |    493 |    896 |   2 | 1056.5 |
       Ossuary |    177 |    177 |      0 |      0 |    100 |   1 |  177.0 |
      Ice Cave |    842 |    842 |      0 |    511 |      6 |   1 |  842.0 |
      Gauntlet |    649 |    649 |      0 |    398 |      0 |   1 |  649.0 |
               +--------+--------+--------+--------+--------+-----+--------+

Top non-repeatable levels by time:
  Lair:5: 2357 daAuts
 Snake:1: 2115 daAuts
 Snake:4: 2011 daAuts
  Lair:3: 1897 daAuts
     D:9: 1750 daAuts
 Snake:3: 1585 daAuts
    D:10: 1373 daAuts
     D:5: 1323 daAuts
  Lair:2: 1261 daAuts
     D:7: 1204 daAuts
    D:15: 1203 daAuts
     D:8: 1196 daAuts
   Orc:2: 1169 daAuts
     D:4: 1144 daAuts
  Lair:1: 1072 daAuts
